[Event "Team 45 45 League T54"]
[Site "Internet Chess Club"]
[Date "2012.08.16"]
[Round "1"]
[White "KW-Winner"]
[Black "SlimeDog2"]
[Result "0-1"]
[WhiteElo "1926"]
[BlackElo "2177"]
[Opening "Queen's pawn, Mason variation"]
[ECO "D00"]
[Time "21:05:49"]
[TimeControl "2700+45"]

1. d4 d5 2. Bf4 Nf6 3. c4 c6 4. e3 Nbd7 5. Nc3 e6 6. Bd3 Be7 7. h3 dxc4 8. Bxc4
a6 9. a4 c5 10. d5 Nb6 11. Ba2 Nbxd5 12. Nge2 Nxf4 13. Nxf4 O-O 14. Qb3 Qc7 15.
O-O Bd7 16. Rac1 Bc6 17. Rfd1 b5 18. axb5 axb5 19. Bb1 b4 20. Nce2 Ba4 21. Qd3
Rfd8 22. Nd4 Bxd1 23. Qxd1 Qb6 24. Nh5 cxd4 {White resigns} 0-1

[Event "Team 45 45 League T54"]
[Site "Internet Chess Club"]
[Date "2012.08.19"]
[Round "1"]
[White "cesaralexander"]
[Black "tsia68"]
[Result "1-0"]
[WhiteElo "1917"]
[BlackElo "1787"]
[Opening "King's Indian: Four pawns attack, dynamic line"]
[ECO "E76"]
[Time "13:08:29"]
[TimeControl "2700+45"]

1. d4 Nf6 2. c4 g6 3. Nc3 Bg7 4. e4 d6 5. f4 O-O 6. Nf3 c5 7. d5 e6 8. dxe6 fxe6
9. Bd3 Nc6 10. O-O Nd4 11. Nxd4 cxd4 12. Nb5 e5 13. Bd2 a6 14. Na3 Qe7 15. Qb3
Kh8 16. fxe5 Qxe5 17. Bf4 Qc5 18. Rae1 Ng4 19. Bd2 Rxf1+ 20. Rxf1 Qh5 21. h3 Ne5
22. Bc2 Rb8 23. Qg3 Nc6 24. Bf4 Be6 25. Bd1 Qa5 26. Bxd6 Rc8 27. Bg4 Bxg4 28.
Qxg4 Qd8 29. Nb1 Be5 30. Rf8+ Qxf8 31. Bxf8 Rxf8 32. g3 d3 33. Nd2 Nd4 34. Kg2
Ne2 35. Nf3 Rd8 36. Qg5 Bc7 37. Qf6+ Kg8 38. Ng5 Rf8 39. Qe6+ Kh8 40. Qe7 {Black
resigns} 1-0

[Event "Team 45 45 League T54"]
[Site "Internet Chess Club"]
[Date "2012.08.20"]
[Round "1"]
[White "CKNIGHT3"]
[Black "Ayensa80"]
[Result "1-0"]
[WhiteElo "1570"]
[BlackElo "1631"]
[Opening "King's Indian: Sämisch variation"]
[ECO "E80"]
[Time "12:00:22"]
[TimeControl "2700+45"]

1. d4 Nf6 2. c4 g6 3. Nc3 Bg7 4. e4 d6 5. f3 c6 6. Be3 a6 7. Qd2 Nbd7 8. Bd3 b5
9. Nge2 Rb8 10. O-O O-O 11. Rfc1 e5 12. d5 cxd5 13. Nxd5 Nxd5 14. cxd5 f5 15. b4
Nf6 16. Nc3 f4 17. Bf2 g5 18. a4 Bd7 19. axb5 Bxb5 20. Bxb5 axb5 21. Qe2 Qd7 22.
Ra7 Rb7 23. Rxb7 Qxb7 24. Qxb5 Qxb5 25. Nxb5 Rb8 26. Nxd6 Rxb4 27. Nf5 Bf8 28.
h3 Rb7 29. d6 Ne8 30. Rc8 Kf7 31. Bc5 Rd7 32. Kh2 Bxd6 33. Rxe8 Bxc5 34. Rxe5
Bf2 35. Rb5 Kg6 36. Rd5 Ra7 37. Rd6+ Kf7 38. Rh6 Kg8 39. Rh5 Ra1 40. Rxg5+ Kf7
41. h4 h6 {Black resigns} 1-0

[Event "Team 45 45 League T54"]
[Site "Internet Chess Club"]
[Date "2012.08.18"]
[Round "1"]
[White "parpin"]
[Black "samarth22"]
[Result "1/2-1/2"]
[WhiteElo "1756"]
[BlackElo "1948"]
[Opening "French: advance, Milner-Barry gambit"]
[ECO "C02"]
[Time "01:03:57"]
[TimeControl "2700+45"]

1. e4 e6 2. d4 d5 3. e5 c5 4. c3 Nc6 5. Nf3 Qb6 6. Bd3 cxd4 7. cxd4 Bd7 8. O-O
Nxd4 9. Nbd2 Nxf3+ 10. Nxf3 Bc5 11. a3 a5 12. Ng5 Nh6 13. Nxh7 O-O-O 14. Bxh6
gxh6 15. Nf6 Be7 16. Qh5 Bxf6 17. exf6 Qd4 18. Qf3 e5 19. Bf5 e4 20. Bxd7+ Kxd7
21. Qf5+ Kd6 22. Rfd1 Qe5 23. Qh3 Qxf6 24. Qb3 Ke6 25. Qxb7 Rhg8 26. Rac1 Rd6
27. Rc6 Rxg2+ 28. Kxg2 {Game drawn by mutual agreement} 1/2-1/2

[Event "Team 45 45 League T54"]
[Site "Internet Chess Club"]
[Date "2012.08.14"]
[Round "1"]
[White "Andrew6"]
[Black "justice02"]
[Result "1-0"]
[WhiteElo "1551"]
[BlackElo "1656"]
[Opening "French: advance variation"]
[ECO "C02"]
[Time "22:00:08"]
[TimeControl "2700+45"]

1. e4 e6 2. d4 d5 3. e5 c5 4. c3 Bd7 5. Nf3 Bc6 6. Bd3 Nd7 7. O-O h6 8. Re1 Qb6
9. Nbd2 O-O-O 10. a4 a5 11. Qe2 Kb8 12. dxc5 Bxc5 13. Bb5 Bxb5 14. axb5 Qc7 15.
Nb3 Bb6 16. Be3 Bxe3 17. Qxe3 b6 18. Nbd4 Ne7 19. b4 Rc8 20. Rec1 Kb7 21. bxa5
bxa5 22. Nb3 Ra8 23. Qf4 Rhf8 24. Qa4 Nc5 25. Nxa5+ Kc8 26. Qb4 Nd3 27. Qb1 Nxc1
28. b6 Qxc3 29. b7+ Kd7 30. bxa8=Q Rxa8 31. Qb7+ Ke8 32. Qxa8+ Nc8 33. Qc6+
{Black resigns} 1-0

[Event "Team 45 45 League T54"]
[Site "Internet Chess Club"]
[Date "2012.08.15"]
[Round "1"]
[White "LazyPeon"]
[Black "KnightDwarf"]
[Result "0-1"]
[WhiteElo "1709"]
[BlackElo "1585"]
[Opening "Neo-Grünfeld, 5.cd"]
[ECO "D72"]
[Time "16:00:28"]
[TimeControl "2700+45"]

1. d4 Nf6 2. c4 g6 3. g3 d5 4. Bg2 Bg7 5. cxd5 Nxd5 6. e4 Nf6 7. Nc3 O-O 8. e5
Nfd7 9. Nf3 c5 10. dxc5 Nxe5 11. O-O Qa5 12. Be3 Nxf3+ 13. Qxf3 Bxc3 14. bxc3
Qxc3 15. Rac1 Qa5 16. Bh6 Rd8 17. Qe3 Qc7 18. Rfd1 Rxd1+ 19. Rxd1 Na6 20. Qd4 f6
21. Bd5+ Kh8 22. Bf7 Bf5 23. g4 e5 24. Qd6 Qxf7 25. gxf5 gxf5 26. Kh1 Rg8 27.
Qd2 Nxc5 28. Qe3 Qg6 29. Qh3 Ne4 30. Be3 b6 31. f3 Ng5 32. Qg3 f4 {White
resigns} 0-1

[Event "Team 45 45 League T54"]
[Site "Internet Chess Club"]
[Date "2012.08.16"]
[Round "1"]
[White "WildCoyote"]
[Black "AVEMARIA"]
[Result "0-1"]
[WhiteElo "1361"]
[BlackElo "1716"]
[Opening "French: advance, Milner-Barry gambit"]
[ECO "C02"]
[Time "17:00:38"]
[TimeControl "2700+45"]

1. e4 e6 2. d4 d5 3. e5 c5 4. c3 Qb6 5. Nf3 Nc6 6. Bd3 cxd4 7. cxd4 Bd7 8. O-O
Nxd4 9. Nxd4 Qxd4 10. Nc3 Qxe5 11. Re1 Qb8 12. Nxd5 Nf6 13. Bf4 Bd6 14. Bxd6
Qxd6 15. Nxf6+ gxf6 16. Qf3 Bc6 17. Qxf6 Rg8 18. Be4 Rd8 19. Rad1 Qxd1 20. Bxc6+
bxc6 21. Qc3 Qd5 22. Re5 Qxg2# {White checkmated} 0-1

[Event "Team 45 45 League T54"]
[Site "Internet Chess Club"]
[Date "2012.08.18"]
[Round "1"]
[White "goktrenks"]
[Black "Legal"]
[Result "0-1"]
[WhiteElo "1861"]
[BlackElo "2027"]
[Opening "Grünfeld: exchange, Spassky variation"]
[ECO "D87"]
[Time "10:05:25"]
[TimeControl "2700+45"]

1. d4 Nf6 2. c4 g6 3. Nc3 d5 4. cxd5 Nxd5 5. e4 Nxc3 6. bxc3 Bg7 7. Bc4 O-O 8.
Ne2 c5 9. O-O Nc6 10. Be3 Qc7 11. Rc1 Rd8 12. Qd2 a6 13. Bf4 Qa5 14. d5 b5 15.
Bb3 c4 16. Bd1 e6 17. Ng3 exd5 18. exd5 Bb7 19. dxc6 Rxd2 20. cxb7 Rdd8 21.
bxa8=Q Rxa8 22. Bf3 Re8 23. Rfe1 Rxe1+ 24. Rxe1 Bxc3 25. Re2 Kg7 26. h4 Bd4 27.
Bd5 Bf6 28. h5 h6 29. hxg6 fxg6 30. Be5 Bxe5 31. Rxe5 Qc7 32. Re2 Qd6 33. Bf3 c3
34. Rc2 b4 35. Be2 h5 36. Ne4 Qd4 37. Ng5 Kf6 38. Nf3 Qe4 39. Bd1 g5 40. Kf1 g4
41. Ne1 Qd4 42. Be2 a5 43. Bd3 a4 44. Rc1 b3 45. axb3 axb3 46. Ke2 h4 47. Kf1 h3
48. gxh3 gxh3 49. Kg1 Qg4+ 50. Kh1 c2 51. Bxc2 bxc2 52. Rxc2 Qe4+ 53. Kh2 Qxe1
54. Kxh3 Qg1 55. f3 Kf5 56. Rg2 Qh1+ 57. Kg3 Qe1+ 58. Rf2 Qe3 59. Rf1 Qg5+ 60.
Kf2 Kf4 61. Ke2 Qb5+ 62. Kf2 Qb2+ {White resigns} 0-1

[Event "Team 45 45 League T54"]
[Site "Internet Chess Club"]
[Date "2012.08.20"]
[Round "1"]
[White "maestrogaffney"]
[Black "HumanTornado"]
[Result "1/2-1/2"]
[WhiteElo "1720"]
[BlackElo "2012"]
[Opening "Bogo-Indian defense"]
[ECO "E11"]
[Time "22:06:36"]
[TimeControl "2700+45"]

1. d4 Nf6 2. c4 e6 3. Nf3 Bb4+ 4. Bd2 a5 5. a3 Bxd2+ 6. Nbxd2 d6 7. e4 O-O 8.
Bd3 e5 9. dxe5 dxe5 10. Qc2 Nc6 11. O-O a4 12. c5 Re8 13. Bb5 Bd7 14. Rfd1 Qe7
15. Rac1 g6 16. Re1 Nb8 17. Bxd7 Nfxd7 18. Nf1 Nc6 19. Ne3 Rec8 20. Nd5 Qf8 21.
Red1 Ra5 22. b4 axb3 23. Qxb3 Nxc5 24. Rxc5 Qxc5 25. Qxb7 Rd8 26. h3 Ra7 27. Qb2
Qxa3 28. Qc1 Qxc1 29. Rxc1 Nd4 30. Nxd4 exd4 31. Ne7+ Kf8 32. Nc6 Raa8 33. Nxd8
Rxd8 34. Rxc7 Ke8 35. Kf1 Rb8 36. Rc1 Ke7 37. Rd1 Rb4 {Game drawn by mutual
agreement} 1/2-1/2

[Event "Team 45 45 League T54"]
[Site "Internet Chess Club"]
[Date "2012.08.23"]
[Round "1"]
[White "Dracoac"]
[Black "ticopatzer"]
[Result "1-0"]
[WhiteElo "1795"]
[BlackElo "1634"]
[Opening "Queen's pawn game, Darooha variation "]
[ECO "D02"]
[Time "20:38:12"]
[TimeControl "2700+45"]

1. Nf3 d5 2. d4 Nf6 3. c4 e6 4. g3 c6 5. Bg2 Be7 6. O-O O-O 7. Qc2 Na6 8. b3 Nb4
9. Qb2 Ne4 10. Nc3 Nxc3 11. Qxc3 a5 12. Rd1 Bf6 13. Ne5 Qc7 14. Bf4 Qe7 15. a3
Na6 16. c5 Nc7 17. a4 Bxe5 18. Bxe5 f6 19. Bd6 Qf7 20. Bxf8 Qxf8 21. b4 axb4 22.
Qxb4 e5 23. e4 exd4 24. exd5 Nxd5 25. Bxd5+ cxd5 26. Rxd4 Qf7 27. Rad1 Be6 28.
Rb1 Bf5 29. Qxb7 Qxb7 30. Rxb7 Re8 31. f4 Be4 32. c6 Rc8 33. c7 Kf8 34. Rb8
{Black resigns} 1-0

[Event "Team 45 45 League T54"]
[Site "Internet Chess Club"]
[Date "2012.08.20"]
[Round "1"]
[White "ShadowChaos7"]
[Black "latayvia"]
[Result "1-0"]
[WhiteElo "1652"]
[BlackElo "1782"]
[Opening "Bird's opening"]
[ECO "A02"]
[Time "22:02:07"]
[TimeControl "2700+45"]

1. f4 g6 2. Nf3 Bg7 3. g3 Nf6 4. Bg2 O-O 5. O-O d6 6. d3 Nc6 7. e4 Bg4 8. Nc3
Qc8 9. Be3 Nh5 10. Qc1 f5 11. Nd1 fxe4 12. dxe4 Qd7 13. Nf2 Bxf3 14. Bxf3 Nd4
15. Bxh5 gxh5 16. Qd1 Nc6 17. Qxh5 Bxb2 18. Rab1 Bg7 19. Rxb7 Na5 20. Qxa5 Qb5
21. Qxb5 Rab8 22. Rxb8 Rd8 23. Qd5+ Kh8 24. Rxd8+ Bf8 25. Bd4+ e5 26. fxe5 dxe5
27. Bxe5# {Black checkmated} 1-0

[Event "Team 45 45 League T54"]
[Site "Internet Chess Club"]
[Date "2012.08.19"]
[Round "1"]
[White "Chatica"]
[Black "Zumbi"]
[Result "0-1"]
[WhiteElo "2205"]
[BlackElo "2178"]
[Opening "Queen's pawn: London system"]
[ECO "A45"]
[Time "22:04:31"]
[TimeControl "2700+45"]

1. d4 Nf6 2. Bf4 c5 3. c3 Qb6 4. Qb3 cxd4 5. cxd4 Qxd4 6. e3 Qb6 7. Qxb6 axb6 8.
Nc3 d6 9. Nf3 e5 10. Bg5 Be6 11. Bb5+ Nc6 12. Bxf6 gxf6 13. e4 f5 14. exf5 Bxf5
15. Nd5 Ra7 16. a4 Bg7 17. O-O O-O 18. Nd2 Be6 19. Nxb6 Rd8 20. Bxc6 bxc6 21. b4
d5 22. Rac1 Bh6 23. Rfd1 Bg4 24. f3 Be3+ 25. Kf1 Bxb6 26. Rxc6 Bd4 27. fxg4 Rxa4
28. Rb1 e4 29. Ke2 Ra2 30. Kd1 e3 31. Nb3 e2+ 32. Ke1 Be3 33. Rf6 d4 34. Rf3 Kg7
35. h3 Rd5 36. g3 Re5 37. Rxe3 Rxe3 38. Nxd4 Rd3 {White resigns} 0-1

[Event "Team 45 45 League T54"]
[Site "Internet Chess Club"]
[Date "2012.08.15"]
[Round "1"]
[White "Cryptochess"]
[Black "veganito"]
[Result "0-1"]
[WhiteElo "2073"]
[BlackElo "1996"]
[Opening "French: Labourdonnais variation"]
[ECO "C00"]
[Time "19:37:18"]
[TimeControl "2700+45"]

1. e4 e6 2. f4 d5 3. e5 c5 4. c3 Nc6 5. Nf3 Qb6 6. Na3 Nh6 7. Nc2 Be7 8. d4 cxd4
9. Ncxd4 Nxd4 10. Nxd4 O-O 11. Bd3 Bc5 12. Nb3 Bf2+ 13. Kf1 Be3 14. Qe2 Bxc1 15.
Rxc1 f6 16. exf6 Rxf6 17. g3 e5 18. h3 exf4 19. Qe8+ Rf8 20. Qe5 Bxh3+ 21. Rxh3
fxg3+ 22. Ke2 Rae8 23. Qxe8 Rxe8+ 24. Kd1 g2 {White resigns} 0-1

[Event "Team 45 45 League T54"]
[Site "Internet Chess Club"]
[Date "2012.08.20"]
[Round "1"]
[White "alexping"]
[Black "HelioAraujo"]
[Result "0-1"]
[WhiteElo "1865"]
[BlackElo "1899"]
[Opening "King's Indian: 4.e4"]
[ECO "E70"]
[Time "12:03:14"]
[TimeControl "2700+45"]

1. d4 Nf6 2. c4 g6 3. Nc3 Bg7 4. e4 d6 5. Bd3 O-O 6. Nge2 Nc6 7. O-O Nh5 8. Be3
e5 9. d5 Ne7 10. c5 f5 11. cxd6 cxd6 12. f3 f4 13. Bf2 g5 14. Rc1 g4 15. fxg4
Bxg4 16. Qb3 f3 17. gxf3 Rxf3 18. Nb5 Bh3 19. Bh4 Bxf1 20. Rxf1 Rxf1+ 21. Kxf1
Qf8+ 22. Ke1 Ng6 23. Bg5 Nhf4 24. Nc7 Ng2+ 25. Kd1 Qf1+ 26. Kd2 Rb8 27. Ng3 Qe1+
28. Kc2 N6f4 29. Nf5 Rf8 30. Bb5 Qxe4+ {White resigns} 0-1

[Event "Team 45 45 League T54"]
[Site "Internet Chess Club"]
[Date "2012.08.19"]
[Round "1"]
[White "Dracoac"]
[Black "bobhill"]
[Result "0-1"]
[WhiteElo "1790"]
[BlackElo "1933"]
[Opening "Sicilian: accelerated fianchetto, Maróczy bind, 6.Be3"]
[ECO "B38"]
[Time "14:06:47"]
[TimeControl "2700+45"]

1. Nf3 c5 2. c4 Nc6 3. d4 cxd4 4. Nxd4 g6 5. e4 Bg7 6. Be3 Qa5+ 7. Nc3 Nf6 8. f3
O-O 9. Be2 d6 10. O-O Nd7 11. Nd5 Qd8 12. Rc1 e6 13. Nc3 Qb6 14. Ncb5 a6 15. Nc2
Qa5 16. Nbd4 Nxd4 17. Nxd4 Qxa2 18. Qd2 Bxd4 19. Qxd4 e5 20. Qxd6 Qb3 21. Bh6
Re8 22. Qd2 Nf8 23. Qg5 Qb6+ 24. Kh1 f6 25. Qd2 Be6 26. c5 Qc6 27. Rfd1 Rac8 28.
Qa5 Qc7 29. Qb4 Bf7 30. Rd6 Ne6 31. Qa3 g5 32. b4 Nd4 33. Bf1 Be6 34. h4 Qf7 35.
Qe3 Qh5 36. Bxg5 fxg5 37. Qxg5+ Qxg5 38. hxg5 Nc6 39. Bc4 Bxc4 40. Rxc4 Rcd8 41.
Rh6 Rd1+ 42. Kh2 Rb1 43. g6 hxg6 44. Rxg6+ Kf7 45. Rh6 Kg7 46. Rd6 Re7 47. Kg3
Rxb4 48. Rc1 Nd4 49. Rh1 Ne6 50. Rh6 {White resigns} 0-1

[Event "Team 45 45 League T54"]
[Site "Internet Chess Club"]
[Date "2012.08.15"]
[Round "1"]
[White "HomerSimpson"]
[Black "chess9793"]
[Result "1-0"]
[WhiteElo "2135"]
[BlackElo "2186"]
[Opening "Polish (Sokolsky) opening"]
[ECO "A00"]
[Time "20:16:58"]
[TimeControl "2700+45"]

1. b4 e5 2. Bb2 Bxb4 3. Bxe5 Nf6 4. Nc3 Nc6 5. Bxf6 Qxf6 6. Nd5 Qe5 7. c4 Ba5 8.
Nf3 Qe4 9. Ne3 O-O 10. Qb1 Qe6 11. g3 Ne5 12. Ng5 Qg6 13. f4 Re8 14. Bg2 Qxb1+
15. Rxb1 Nd3+ 16. Kf1 Bxd2 17. Nd5 Ba5 18. exd3 c6 19. Nb4 f6 20. Ne4 Bc7 21.
Bh3 a5 22. Nc2 d5 23. Nf2 dxc4 24. dxc4 f5 25. Nd4 g6 26. Kg2 b6 27. Rhe1 Bb7
28. Kg1 Rad8 29. Rxe8+ Rxe8 30. Bg2 Ba6 31. Bxc6 Re7 32. Bd5+ Kg7 33. Ne6+ Kh8
34. Nxc7 Rxc7 35. Rxb6 Bxc4 36. Bxc4 Rxc4 37. Rb2 Kg7 38. Kg2 Rc3 39. Nh3 h6 40.
Ng1 Ra3 41. Nf3 a4 42. Ne5 Rc3 43. Rb7+ Kg8 44. Nxg6 Rc2+ 45. Kh3 Rxa2 46. Ne7+
Kf8 47. Nxf5 h5 48. Ra7 a3 49. Ne3 h4 50. g4 Kg8 51. g5 Kh8 52. f5 Kg8 53. f6
Kf8 54. g6 Ke8 55. g7 {Black resigns} 1-0

[Event "Team 45 45 League T54"]
[Site "Internet Chess Club"]
[Date "2012.08.18"]
[Round "1"]
[White "leland"]
[Black "DaPaz"]
[Result "1/2-1/2"]
[WhiteElo "1824"]
[BlackElo "1968"]
[Opening "Sicilian: Nimzovich-Rubinstein variation"]
[ECO "B29"]
[Time "22:01:00"]
[TimeControl "2700+45"]

1. e4 c5 2. Nf3 Nf6 3. e5 Nd5 4. c3 Nc6 5. d4 cxd4 6. cxd4 d6 7. Be2 dxe5 8.
dxe5 Bf5 9. O-O e6 10. a3 Be7 11. Qb3 Qc7 12. Bb5 O-O 13. Re1 Rac8 14. Nbd2 Na5
15. Qa2 a6 16. Ba4 b5 17. Bb3 Nf4 18. Nf1 Nd3 19. Be3 Nxe1 20. Rxe1 Nxb3 21.
Qxb3 Qc2 22. Qa2 Qc4 23. Qxc4 Rxc4 24. Bd4 Rfc8 25. Ne3 Rc1 26. Nxf5 exf5 27.
Kf1 Rxe1+ 28. Nxe1 Rc4 29. Be3 g5 30. Ke2 f4 31. Bb6 Re4+ 32. Kd2 Rxe5 33. Nd3
Re6 34. Bc7 Bf6 35. f3 Bd4 36. Bd8 f6 37. Ba5 Kf7 38. b3 Rc6 39. a4 Be3+ 40. Kd1
bxa4 41. bxa4 Rc4 42. Bb4 a5 43. Bxa5 Rxa4 44. Bc3 Bd4 45. Bd2 Ra1+ 46. Ke2 h5
47. h3 Kg6 48. h4 Rg1 49. Ne1 Kf5 50. hxg5 fxg5 51. Bb4 h4 52. Bd2 Rxg2+ 53.
Nxg2 h3 54. Nh4+ gxh4 55. Kf1 Kg5 56. Bb4 Kf5 57. Be7 Bf6 58. Bd6 Bd4 59. Be7 h2
60. Kg2 Bf2 61. Kxh2 Ke6 62. Bd8 Kd5 63. Kh3 Kc4 {Game drawn by mutual
agreement} 1/2-1/2

[Event "Team 45 45 League T54"]
[Site "Internet Chess Club"]
[Date "2012.08.17"]
[Round "1"]
[White "DouDou"]
[Black "Beetlejuice"]
[Result "0-1"]
[WhiteElo "1524"]
[BlackElo "1783"]
[Opening "Sicilian defense"]
[ECO "B44"]
[Time "13:31:23"]
[TimeControl "2700+45"]

1. e4 c5 2. Nf3 e6 3. d4 cxd4 4. Nxd4 Nc6 5. Be2 Qc7 6. Be3 Nf6 7. Nc3 a6 8. Qd2
Bb4 9. f3 Ne5 10. O-O O-O 11. Bg5 Nc4 12. Bxc4 Qxc4 13. Bxf6 gxf6 14. Qe3 Bc5
15. Nce2 e5 16. c3 Rd8 17. Rfc1 Qe6 18. Rd1 b5 19. Kh1 exd4 20. cxd4 Bf8 21. d5
Qe5 22. b3 d6 23. f4 Qe7 24. Rf1 f5 25. Ng3 fxe4 26. Nxe4 Bg7 27. Rae1 Bf5 28.
Qf3 Re8 29. Ng3 Qf6 30. Nh5 Qg6 31. h3 Be4 32. Qg4 Qxg4 33. hxg4 f5 34. gxf5
Bxf5 35. Rc1 Rac8 36. Rxc8 Rxc8 37. Re1 Rc2 38. Re7 Bd4 39. a4 Bg4 40. Ng3 bxa4
41. bxa4 Ra2 42. Re4 Rxa4 43. f5 Ra1+ 44. Kh2 Bg1+ 45. Kh1 Bc5+ 46. Kh2 Bd1 47.
f6 Bc2 48. Re2 Bg6 49. Ne4 Bxe4 50. Rxe4 a5 51. Re7 a4 52. f7+ Kf8 53. Rb7 a3
54. Rb8+ Kxf7 55. Ra8 Rd1 {White resigns} 0-1

[Event "Team 45 45 League T54"]
[Site "Internet Chess Club"]
[Date "2012.08.20"]
[Round "1"]
[White "Warren"]
[Black "gareth"]
[Result "0-1"]
[WhiteElo "2212"]
[BlackElo "2240"]
[Opening "French: Rubinstein variation"]
[ECO "C10"]
[Time "23:30:59"]
[TimeControl "2700+45"]

1. e4 e6 2. d4 d5 3. Nc3 dxe4 4. Nxe4 Nd7 5. Nf3 Ngf6 6. Bd3 Nxe4 7. Bxe4 Nf6 8.
Bd3 c5 9. c3 cxd4 10. Nxd4 Bd7 11. O-O Qc7 12. Nb5 Qb6 13. a4 a6 14. Be3 Bc5 15.
a5 Qc6 16. Nd4 Qc7 17. Qf3 O-O 18. Bg5 Bxd4 19. cxd4 Nd5 20. Qh5 h6 21. Bxh6
gxh6 22. Qxh6 f5 23. Qg6+ Kh8 24. Qh6+ Kg8 25. Qg6+ Kh8 26. Qh6+ Kg8 27. Qg6+
Kh8 28. Bxf5 Rxf5 29. Ra3 Nf4 30. Qh6+ Kg8 31. Rg3+ Kf7 32. Rg7+ Ke8 33. Rg8+
Ke7 34. Rxa8 Kd6 35. b4 Bb5 36. Re1 Qc3 37. Rb1 Qc2 38. Re1 Qd2 39. Rxe6+ Kd5
40. Rd6+ Kc4 41. Rc8+ Kxb4 42. h4 Qe1+ 43. Kh2 Qxf2 44. Rg8 Rh5 {White resigns}
0-1

[Event "Team 45 45 League T54"]
[Site "Internet Chess Club"]
[Date "2012.08.18"]
[Round "1"]
[White "Pomberito"]
[Black "steadman"]
[Result "1-0"]
[WhiteElo "2114"]
[BlackElo "2138"]
[Opening "King's Indian: orthodox variation"]
[ECO "E94"]
[Time "09:31:25"]
[TimeControl "2700+45"]

1. d4 Nf6 2. c4 g6 3. Nc3 Bg7 4. e4 d6 5. Be2 O-O 6. Nf3 e5 7. O-O Na6 8. Be3 c6
9. dxe5 dxe5 10. Nxe5 Nxe4 11. Nxe4 Bxe5 12. Qb3 Qe7 13. Rad1 b6 14. Bf3 Bf5 15.
Ng3 Bd7 16. Rfe1 Rad8 17. Bd4 f6 18. Qe3 Nb4 19. Rd2 Nxa2 20. Ra1 Nb4 21. Rxa7
c5 22. Bxe5 fxe5 23. Bg4 Qf7 24. Raxd7 Rxd7 25. Rxd7 Qxc4 26. Qxe5 {Black
resigns} 1-0

[Event "Team 45 45 League T54"]
[Site "Internet Chess Club"]
[Date "2012.08.18"]
[Round "1"]
[White "MarioFrank"]
[Black "Fezzik"]
[Result "1/2-1/2"]
[WhiteElo "1940"]
[BlackElo "2164"]
[Opening "QGD Slav: Dutch variation"]
[ECO "D18"]
[Time "15:02:56"]
[TimeControl "2700+45"]

1. Nf3 d5 2. d4 Nf6 3. c4 c6 4. Nc3 dxc4 5. a4 Bf5 6. e3 e6 7. Bxc4 Bb4 8. O-O
O-O 9. Nh4 Nbd7 10. Nxf5 exf5 11. Qc2 g6 12. f3 Rc8 13. Qb3 a5 14. Na2 Bd6 15.
e4 Qb6 16. Qxb6 Nxb6 17. Bb3 fxe4 18. fxe4 Nxe4 19. Bh6 Nd5 20. Bxf8 Kxf8 21.
Bxd5 cxd5 22. Rac1 Rxc1 23. Rxc1 Bf4 24. Rd1 Be3+ 25. Kf1 Nf2 26. Rb1 Bxd4 27.
Nc3 Bxc3 28. bxc3 Ne4 29. Rxb7 Nxc3 30. Ra7 Nxa4 31. Rxa5 Nb6 32. Rb5 Nc4 33.
Ke2 Ke7 34. Rxd5 Ke6 35. Rb5 Nd6 36. Ra5 h5 37. Kf3 Nf5 38. Kf4 Kf6 39. Ra6+ Kg7
40. g3 Nh6 41. h3 Nf5 42. Ra5 Kf6 43. g4 hxg4 44. hxg4 Nd4 45. g5+ Kg7 46. Ra7
{Game drawn by mutual agreement} 1/2-1/2

[Event "Team 45 45 League T54"]
[Site "Internet Chess Club"]
[Date "2012.08.19"]
[Round "1"]
[White "M-Ezat"]
[Black "Pacini"]
[Result "1-0"]
[WhiteElo "2297"]
[BlackElo "2143"]
[Opening "Queen's pawn game"]
[ECO "D04"]
[Time "12:21:22"]
[TimeControl "2700+45"]

1. d4 Nf6 2. Nf3 d5 3. e3 c5 4. Bd3 c4 5. Be2 Bf5 6. b3 b5 7. a4 Qa5+ 8. Bd2 Qa6
9. Na3 Qb7 10. Nxb5 cxb3 11. cxb3 a6 12. Nc3 Nc6 13. O-O e6 14. a5 Bd6 15. Na4
O-O 16. Rc1 Ne4 17. Be1 Ba3 18. Ra1 Be7 19. Nb6 Rad8 20. Rc1 Ba3 21. Bxa6 {Black
resigns} 1-0

[Event "Team 45 45 League T54"]
[Site "Internet Chess Club"]
[Date "2012.08.18"]
[Round "1"]
[White "zeigmata"]
[Black "Y-ElGhazali"]
[Result "0-1"]
[WhiteElo "2122"]
[BlackElo "2180"]
[Opening "Queen's gambit declined"]
[ECO "D30"]
[Time "13:36:40"]
[TimeControl "2700+45"]

1. d4 d5 2. c4 e6 3. Nf3 dxc4 4. Qa4+ Nd7 5. Qxc4 Ngf6 6. Bg5 c5 7. dxc5 Bxc5 8.
Nc3 Qb6 9. e3 O-O 10. Be2 Qxb2 11. O-O Qb4 12. Qd3 Be7 13. Rab1 Qd6 14. Qc4 a6
15. a4 Qc5 16. Qb3 Qa5 17. Bf4 e5 18. Bg3 e4 19. Nd2 Nc5 20. Qc2 Be6 21. Ndxe4
Rac8 22. Qd2 Ncxe4 23. Nxe4 Qxd2 24. Nxd2 Rc2 25. Rfd1 Rd8 26. Rxb7 Rcxd2 27.
Rxd2 Rxd2 28. Kf1 Bf8 29. Bxa6 Ne4 30. f3 Nc5 {White resigns} 0-1

[Event "Team 45 45 League T54"]
[Site "Internet Chess Club"]
[Date "2012.08.17"]
[Round "1"]
[White "AmrSobh"]
[Black "Feifo"]
[Result "1/2-1/2"]
[WhiteElo "2196"]
[BlackElo "2143"]
[Opening "French: advance, Paulsen attack"]
[ECO "C02"]
[Time "09:30:44"]
[TimeControl "2700+45"]

1. e4 e6 2. d4 d5 3. e5 c5 4. c3 Nc6 5. Nf3 Qb6 6. a3 c4 7. Nbd2 f6 8. exf6 Nxf6
9. b3 cxb3 10. Nxb3 Bd6 11. Bd3 O-O 12. O-O e5 13. dxe5 Nxe5 14. Nxe5 Bxe5 15.
Nd4 Qc7 16. h3 Qxc3 17. Be3 Bd7 18. Rb1 b6 19. Rb3 Qc7 20. Rb4 Bd6 21. Rb3 Ba4
22. Ne6 Bxb3 23. Qxb3 Qe7 24. Nxf8 Rxf8 25. a4 Qe5 26. g3 Nh5 27. Kg2 Nxg3 28.
f4 Qe6 29. Bxh7+ Kxh7 30. Kxg3 Qe4 31. Qb1 Re8 32. Bd2 Qxb1 33. Rxb1 Re2 34. Bb4
Bxb4 35. Rxb4 Kg6 36. a5 bxa5 37. Rb5 d4 38. Rxa5 d3 39. Rxa7 Re3+ 40. Kg4 Re1
41. Rd7 Rd1 42. Rd6+ Kf7 43. Kf3 d2 44. Ke2 Rh1 45. Rxd2 Rxh3 46. Rd6 Kg8 47.
Rd3 {Game drawn by mutual agreement} 1/2-1/2

[Event "Team 45 45 League T54"]
[Site "Internet Chess Club"]
[Date "2012.08.20"]
[Round "1"]
[White "rdmuhcu"]
[Black "Uwak"]
[Result "0-1"]
[WhiteElo "2240"]
[BlackElo "2468"]
[Opening "Trompowsky attack (Ruth, Opocenský opening)"]
[ECO "A45"]
[Time "10:00:37"]
[TimeControl "2700+45"]

1. d4 Nf6 2. Bg5 c5 3. d5 Ne4 4. Bf4 Qb6 5. Bc1 e6 6. f3 Nf6 7. e4 exd5 8. exd5
Bd6 9. Nc3 O-O 10. Bc4 Be5 11. Nge2 d6 12. O-O Qb4 13. Qd3 Bf5 14. Qxf5 Qxc4 15.
b3 Qb4 16. a3 Qa5 17. Qd3 Nbd7 18. f4 Bxc3 19. Nxc3 Rfe8 20. Bd2 a6 21. Ne4 Qb6
22. Nf2 c4 23. bxc4 Nc5 24. Qd4 Nfe4 25. Rab1 Qc7 26. Bb4 f5 27. Nd1 Re7 28. Ne3
Qd7 29. Rfd1 Rae8 30. Re1 Qc8 31. Re2 Nf6 32. g3 b5 33. cxb5 axb5 34. Rbe1 h5
35. Bxc5 Re4 36. Qc3 dxc5 37. Qd2 Qd7 38. Qd3 c4 39. Qd2 h4 40. c3 hxg3 41. hxg3
g6 42. d6 Qa7 43. Kh1 Qa8 44. Kh2 Kf7 45. Ng2 Rxe2 46. Rxe2 Rxe2 47. Qxe2 Qe4
48. Qb2 Ng4+ 49. Kh3 Qd5 50. Qe2 Qxd6 51. Nh4 Qd1 52. Qf3 Qxf3 53. Nxf3 Nf2+ 54.
Kh4 Nd1 55. g4 Nxc3 56. gxf5 gxf5 57. Nd4 Nb1 58. Nxb5 c3 59. Nd4 Nxa3 60. Kg5
Nb5 61. Nc2 Ke6 62. Kg6 Kd5 63. Nb4+ Ke4 64. Kg5 Nd4 65. Na2 c2 66. Nc3+ Kd3 67.
Na2 Kd2 68. Kf6 Ne2 69. Kxf5 Nc3 {White resigns} 0-1

[Event "Team 45 45 League T54"]
[Site "Internet Chess Club"]
[Date "2012.08.19"]
[Round "1"]
[White "searchforbobby1"]
[Black "SlimeDog2"]
[Result "1/2-1/2"]
[WhiteElo "2155"]
[BlackElo "2184"]
[Opening "Ponziani: Jaenisch counter-attack"]
[ECO "C44"]
[Time "19:34:49"]
[TimeControl "2700+45"]

1. e4 e5 2. Nf3 Nc6 3. c3 Nf6 4. d4 exd4 5. e5 Nd5 6. Qb3 Nb6 7. cxd4 d6 8. Bb5
Be6 9. Qc2 Qd7 10. O-O a6 11. Bxc6 Qxc6 12. Qxc6+ bxc6 13. Nc3 Be7 14. Re1 Kd7
{Game drawn by mutual agreement} 1/2-1/2